 Dungeon Crawl Stone Soup version 0.29.1-12-g30fa7ad0bf (webtiles) character file.

Game seed: 16213765795280773137

5 growler the Chucker (level 1, 0/15 HPs)
             Began as a Demonspawn Wanderer on Jan 8, 2023.
             Succumbed to a goblin's poison
             ... on level 1 of the Dungeon.
             The game lasted 00:00:36 (114 turns).

growler the Chucker (Demonspawn Wanderer)            Turns: 114, Time: 00:00:36

Health: 0/15       AC:  3    Str: 11    XL:     1   Next: 66%
Magic:  1/1        EV: 11    Int: 11    God:
Gold:   20         SH:  0    Dex: 15    Spells: 0/0 levels left

rFire   . . .      SeeInvis .   a - +2 dagger
rCold   . . .      Faith    .   (no shield)
rNeg    . . .      Spirit   .   f - +0 robe
rPois   .          Reflect  .   (no helmet)
rElec   .          Harm     .   (no cloak)
rCorr   .          Rampage  .   d - +0 pair of gloves
Will    .....                   (no boots)
Stlth   ++........              (no amulet)
HPRegen 0.05/turn               (no ring)
MPRegen 0.07/turn               (no ring)

@: lethally poisoned (0 -> -1)
A: no striking features
a: no special abilities


You were on level 1 of the Dungeon.
You visited 1 branch of the dungeon, and saw 1 of its levels.

You collected 20 gold pieces.

Inventory:

Hand Weapons
 a - a +2 dagger (weapon)
 c - a +0 falchion
Missiles
 b - 4 curare-tipped darts (quivered)
Armour
 d - a +0 pair of gloves (worn)
 f - a +0 robe (worn)
Potions
 e - a potion of haste


   Skills:
 - Level 1.0 Fighting
 - Level 1.0 Long Blades
 + Level 3.1 Throwing
 - Level 1.7 Armour
 - Level 2.6 Stealth


You couldn't memorise any spells.
You didn't know any spells.
Your spell library was empty.

Dungeon Overview and Level Annotations

Branches:
Dungeon (1/15)

Altars:


Message History

You now have 20 gold pieces (gained 7).
You open the door.
There is an open door here.
A ball python comes into view.
The helpless ball python fails to defend itself.
You puncture the ball python!
You kill the ball python!
No target in view!
An endoplasm comes into view.
Unknown command.
The helpless endoplasm fails to defend itself.
You puncture the endoplasm!
You kill the endoplasm!
Your Throwing skill increases to level 3!
No target in view!
A goblin comes into view. It is wielding a +0 dagger of venom.
You closely miss the goblin.
The goblin hits you with a +0 dagger of venom.
You are lethally poisoned!
You hit the goblin.
You kill the goblin!
You feel very sick.
No target in view!
Unknown command.
Okay, then.
You feel sick.
Things that are here:
a +0 dagger of venom; a goblin corpse You feel sick.
* * * LOW HITPOINT WARNING * * *
You feel sick.
A rat comes into view.
Found a stone staircase leading down.
* * * LOW HITPOINT WARNING * * *
You feel sick.
* * * LOW HITPOINT WARNING * * *
You feel sick.
* * * LOW HITPOINT WARNING * * *
You feel sick.
You die...

#.......# ##+##
#.#.#...#.# ###.#####
#. ##..#.##.## #.#
#.#########........ #.#
#####.#........#...####
#.. .......######.##.##
#.. #.r...# #.##.# ##.
...>.# ####.##.# .#
#.##.#.#.###.).....#
#......@......#.####
####.#.#........#
#.########## #. #. #.
#. #.


You could see a rat (asleep).

Vanquished Creatures
  A ball python (D:1)
  An endoplasm (D:1)
  A giant cockroach (D:1)
  A goblin (D:1)
4 creatures vanquished.

Notes
Turn   | Place    | Note
-------+----------+-------------------------------------------
     0 | D:1      | growler the Demonspawn Wanderer began the quest for the
                  | Orb.
     0 | D:1      | growler set off with the following items: a +2 dagger, 4
                  | curare-tipped darts, a +0 falchion, a +0 pair of gloves, a
                  | potion of haste, a +0 robe.
     0 | D:1      | Reached XP level 1. HP: 15/15 MP: 1/1
   102 | D:1      | Reached skill level 3 in Throwing
   114 | D:1      | Succumbed to a goblin's poison

Illustrated notes

Levels and vault maps discovered:
D:1:      dpeg_arrival_lava_altar, layout_loops_corners, serial_forest,
          infiniplex_forest_clump_tiny, infiniplex_forest_lined_3,
          infiniplex_forest_end_3, infiniplex_forest_straight_2,
          infiniplex_forest_lined_3, infiniplex_forest_lined_3,
          infiniplex_forest_lined_2, serial_bayou_pond_b

Skill      XL: |  1 |
---------------+----+-----
Throwing       | 3 |  3.1
Fighting       | |  1.0
Long Blades    | |  1.0
Armour         | |  1.7
Stealth        | |  2.6

Action                   || total
-------------------------++-------
Melee: Dagger            ||     9
 Stab: Sleeping          ||     2
Armor: Robe              ||     1
Dodge: Dodged            ||     5
